 Dungeon Crawl Stone Soup version 0.30-b1-2-g02819fbbbe (webtiles) character file.

Game seed: 15011432738518444719

431 Metae the Shield-Bearer (level 6, -10/56 HPs)
             Began as a Minotaur Fighter on June 23, 2023.
             Was an Initiate of Makhleb.
             Killed from afar by Dowan (17 damage)
             ... with a shard of ice
             ... on level 4 of the Dungeon.
             The game lasted 00:07:33 (3552 turns).

Metae the Shield-Bearer (Minotaur Fighter)          Turns: 3552, Time: 00:07:34

Health: -10/56     AC: 11    Str: 22    XL:     6   Next: 66%
Magic:  6/6        EV:  8    Int: 11    God:    Makhleb [......]
Gold:   220        SH:  5    Dex: 10    Spells: 5/5 levels left

rFire   . . .        a - +0 flail
rCold   . . .        c - +0 buckler
rNeg    . . .        h - +0 chain mail
rPois   .            (helmet restricted)
rElec   .            r - +0 cloak
rCorr   .            (no gloves)
SInv    .            (no boots)
Will    .....        (no amulet) Stlth
                     i - +6 ring of intelligence
HPRegen 0.29/turn    (no ring)
MPRegen 0.10/turn

%: no passive effects
@: mighty
A: horns 2, retaliatory headbutt
a: Renounce Religion


You were on level 4 of the Dungeon.
You worshipped Makhleb.
Makhleb was noncommittal.
You visited 1 branch of the dungeon, and saw 4 of its levels.
You also visited: Sewer.

You collected 220 gold pieces.

Inventory:

Hand Weapons
 a - a +0 flail (weapon)
Missiles
 g - 27 stones (quivered)
 o - 3 datura-tipped darts
Armour
 c - a +0 buckler (worn)
 h - a +0 chain mail (worn)
 r - a +0 cloak (worn)
 s - a +0 plate armour
Jewellery
 i - a +6 ring of intelligence (left hand)
Scrolls
 e - 2 scrolls of identify {unknown}
 f - 2 scrolls of enchant weapon {unknown}
 j - a scroll of noise {unknown}
 k - 3 scrolls of teleportation {unknown}
 l - 2 scrolls of amnesia {unknown}
 n - 3 scrolls of blinking {unknown}
 p - a scroll of magic mapping {unknown}
 q - a scroll of poison {unknown}
 v - a scroll of fog {unknown}
Potions
 b - a potion of berserk rage {unknown}
 m - 2 potions of heal wounds {unknown}
 t - a potion of degeneration {unknown}
 u - a potion of brilliance {unknown}
 w - a potion of curing {unknown}
 x - a potion of mutation {unknown}


   Skills:
 + Level 5.3 Fighting
 + Level 4.5 Maces & Flails
 + Level 5.4 Armour
 + Level 5.4 Shields
 + Level 1.7 Invocations


You had 5 spell levels left.
You didn't know any spells.
Your spell library contained the following spells:

 Spells                   Type           Power      Damage    Failure   Level
 Sandblast                Erth           0%         2d4       94%         1
 Passwall                 Tmut/Erth      0%         N/A       98%         2
 Stone Arrow              Conj/Erth      0%         3d7       100%        3


Dungeon Overview and Level Annotations

Branches:
Dungeon (4/15)              Sewer (visited)
 Temple: D:4-7

Altars:
Cheibriados
Hepliaklqana
Makhleb
Ru
Trog
Uskayaw
The Shining One

Shops:
D:3 :

Annotations:
D:4 Dowan


Innate Abilities, Weirdness & Mutations

You have a pair of horns on your head.
You reflexively headbutt those who attack you in melee.


Message History

Dowan screams, "No!
No!"
Dowan seems to find hidden reserves of power!
Your life force feels restored.
You miss Dowan. Dowan hits you with a +0 dagger.
Dowan hits you but does no damage.
You hit Dowan.
Dowan is lightly wounded.
Dowan closely misses you. x2
You miss Dowan. Your headbutt misses Dowan.
Dowan is lightly wounded.
Dowan hits you but does no damage. x2
You hit Dowan. Your headbutt misses Dowan.
Dowan is lightly wounded.
Dowan hits you but does no damage. Dowan gestures at you while chanting.
The shard of ice hits you!!
Ouch! That really hurt!
* * * LOW HITPOINT WARNING * * *
You feel very mighty all of a sudden.
Dowan says, "Magic will overcome all!"
Dowan hits you but does no damage.
You sock Dowan! You headbutt Dowan!
Dowan is almost dead.
You block Dowan's attack.
Dowan casts a spell.
Dowan blinks!
The endoplasm closely misses you. You furiously retaliate!
You headbutt the endoplasm!!
You kill the endoplasm!
Makhleb accepts your kill.
Things that are here:
a +0 short sword; a +1 leather armour of poison resistance; the elf corpse of Duvessa Dowan mumbles some strange words.
Dowan blinks!
There is a large open door here.
Dowan hits you with a +0 dagger.
* * * LOW HITPOINT WARNING * * *
Dowan gestures at you while chanting. The shard of ice hits you!
You die...

##.........####....#
#....###...##.....
#.#######......# P..
#.......### PP
#......## ###++###.#
#~~..~~#.#
##~≈..≈~#)#
.'....e@'.#
.'......'.#
##~≈..≈~#.#
#~~..~~#.#
###++###.. ....
..... .......
........


You could see Dowan (fast).

Vanquished Creatures
  Duvessa (D:4)
  An ogre (D:4)
  A hound (D:4)
  An iguana (D:3)
  A hell rat (Sewer)
  6 adders
  3 river rats (Sewer)
  A worm (D:2)
  2 dart slugs (D:3)
  3 orcs
  9 endoplasms
  5 giant cockroaches
  9 goblins
  3 hobgoblins
  4 quokkas
  7 ball pythons
  2 bats
  6 frilled lizards
  4 kobolds
  14 rats
83 creatures vanquished.

Vanquished Creatures (others)
  16 plants (D:4)
16 creatures vanquished.

Grand Total: 99 creatures vanquished

Notes
Turn   | Place    | Note
-------+----------+-------------------------------------------
     0 | D:1      | Metae the Minotaur Fighter began the quest for the Orb.
     0 | D:1      | Reached XP level 1. HP: 19/19 MP: 0/0
   199 | D:1      | Reached XP level 2. HP: 27/27 MP: 1/1
   524 | D:1      | Reached XP level 3. HP: 32/33 MP: 2/2
   927 | D:2      | You fall into a shaft and drop 1 floor!
   927 | D:3      | Found Inuigrei's Book Emporium.
  1078 | D:2      | Reached XP level 4. HP: 38/40 MP: 3/3
  1698 | D:2      | Identified the +2 leather armour of Bad Feelings {rN+ Will-
                  | Str+3}
  2156 | D:3      | Found a bloodstained altar of Trog.
  2551 | D:3      | Found a sacrificial altar of Ru.
  2558 | D:3      | Found a snail-covered altar of Cheibriados.
  2561 | D:3      | Found a glowing golden altar of the Shining One.
  2561 | D:3      | Found a burning altar of Makhleb.
  2567 | D:3      | Reached XP level 5. HP: 44/47 MP: 4/4
  2573 | D:3      | Found a hazy altar of Hepliaklqana.
  2595 | D:3      | Became a worshipper of Makhleb the Destroyer
  2710 | D:3      | Found a hide-covered altar of Uskayaw.
  3114 | D:4      | Noticed an ogre
  3121 | D:4      | Killed an ogre
  3122 | D:4      | Reached skill level 5 in Armour
  3122 | D:4      | Reached skill level 5 in Shields
  3122 | D:4      | Reached skill level 1 in Invocations
  3297 | D:4      | Found a glowing drain.
  3308 | D:4      | Reached skill level 5 in Fighting
  3308 | D:4      | Reached XP level 6. HP: 55/56 MP: 5/5
  3318 | Sewer    | Entered a sewer
  3523 | D:4      | Noticed Duvessa
  3531 | D:4      | Noticed Dowan
  3542 | D:4      | Killed Duvessa
  3552 | D:4      | Killed from afar by Dowan

Illustrated notes

Levels and vault maps discovered:
D:1:      dpeg_arrival_lava_temple_mockup, layout_basic, minmay_pentomino_u2
D:2:      layout_basic, amethyst_killhole, kennysheep_generic_room_10
D:3:      minmay_inner_zag, layout_basic, nicolae_uskayaw_suspiria, bloody_trog,
          nicolae_overflow_hallway_of_the_gods, serial_shops,
          nicolae_shop_statue_plus
D:4:      layout_layer_cave, minmay_temple_entry_glass,
          cheibrodos_sewer_entry_drain, serial_bayou, serial_bayou_shore_b,
          serial_bayou_lagoon_a, serial_bayou_shore_a, serial_bayou_ford_a,
          roderic_three_in_a_row, kennysheep_generic_room_15, uniq_ijyb,
          uniq_duvessa, uniq_sigmund

Skill      XL: |  1  2  3  4  5 |
---------------+----------------+-----
Fighting       | 4 5 |  5.3
Armour         | 4 5 |  5.4
Shields        | 4 5 |  5.4
Maces & Flails | 3 4 |  4.5
Invocations    | 1 |  1.7

Action                     |  1- 3 |  4- 6 || total
---------------------------+-------+-------++-------
  Melee: Flail             |    87 |   111 ||   198
         Headbutt          |     7 |    15 ||    22
  Throw: Stone             |       |     1 ||     1
    Use: Potion            |       |     1 ||     1
 Armour: Scale mail        |    33 |       ||    33
         Chain mail        |    19 |    64 ||    83
  Dodge: Dodged            |    44 |    45 ||    89
  Block: Buckler           |    22 |    31 ||    53
